Map: Tokamak LE

Players

CraftStar

  • Race: Terran Terran
  • League: Diamond
  • Spawn Location: 7:00

LigerMaNN - Winner!

  • Race: Zerg Zerg
  • League: Diamond
  • Spawn Location: 1:00

VOD

Have the link to the VOD?

Description

Time

  • Played on: July 1, 2025, 1:33 a.m.
  • Length: 4:27
Show
View Real Time Build Order
Export as new Build Order

CraftStar Terran 

Build Orders:  

Get SALT Encoding   

  12  0:00  SCV  
  13  0:12  SCV  
  14  0:24  Supply Depot, SCV  
  15  0:45  SCV  
  15  0:48  Barracks  
  16  0:57  SCV  
  17  1:09  SCV  
  18  1:19  Command Center  
  18  1:21  SCV  
  19  1:34  SCV  
  19  1:35  Marine  
  21  1:46  Orbital Command  
  21  1:48  Supply Depot  
  21  1:53  Marine  
  22  2:11  Barracks, Marine  
  22  2:12  Refinery  
  23  2:25  SCV  
  24  2:32  Refinery, Orbital Command  
  24  2:39  SCV  
  24  2:43  Marine  
  26  2:51  SCV  
  27  2:58  SCV  
  28  3:00  Barracks Tech Lab  
  28  3:01  Barracks Tech Lab  
  28  3:03  SCV  
  29  3:10  SCV  
  29  3:11  Supply Depot  
  30  3:15  SCV  
  30  3:19  Barracks  
  31  3:20  Marine x2  
  31  3:22  SCV  
  34  3:27  SCV  
  34  3:32  Engineering Bay  
  34  3:33  Engineering Bay  
  35  3:35  SCV  
  35  3:43  Marine x2  
  35  3:44  SCV  
  35  3:47  SCV  
  39  3:56  SCV  
  39  4:00  Marine  
  39  4:01  Marine  
  41  4:05  Supply Depot  
  41  4:06  Barracks  
  41  4:11  Supply Depot  
  41  4:13  Supply Depot  
Show
View Real Time Build Order
Export as new Build Order

LigerMaNN Zerg - Winner!

Build Orders: Hatch First, Zergling Baneling 

Get SALT Encoding   

  12  0:00  Drone  
  13  0:13  Overlord  
  13  0:16  Drone  
  14  0:32  Drone x2  
  14  0:35  Drone  
  17  0:52  Hatchery  
  17  0:55  Drone  
  17  0:59  Drone  
  18  1:09  Extractor  
  17  1:15  Spawning Pool  
  17  1:18  Drone  
  17  1:20  Drone  
  18  1:28  Drone  
  19  1:39  Drone  
  20  1:50  Drone  
  21  2:04  Overlord x2  
  21  2:09  Queen  
  21  2:10  Queen  
  21  2:13  Metabolic Boost  
  25  2:23  Drone x2  
  27  2:35  Baneling Nest  
  26  2:39  Zergling x6  
  26  2:40  Zergling x2  
  30  2:46  Overlord  
  30  2:51  Zergling x2  
  31  3:00  Zergling x4  
  33  3:07  Zergling x2  
  34  3:13  Zergling x2  
  35  3:36  Hatchery  
  34  3:43  Zergling x4  
  34  3:44  Zergling x12  
  34  3:45  Baneling x2  
  34  3:46  Baneling x2  
  34  3:48  Baneling  
  42  3:49  Baneling  
  42  3:50  Baneling  
  42  3:52  Baneling  
  42  4:09  Zergling x4  
Tags
 
Matchup
TvZ
Replay Pack
June 2025
Spawn Locations
Cross Positions
Add a new tag
Caveats
  • Supply blocks, unpowered buildings, or Contaminate may cause inaccurate times.
  • Supply counts are checked every 10 seconds.